 Dungeon Sprint DCSS version 0.28.0-53-g5a82cb258f (webtiles) character file.

Game seed: 9784402317265248936

1675 Zeld the Cleaver (level 8, -2/88 HPs)
             Began as a Minotaur Berserker on May 21, 2022.
             Was an Elder of Trog.
             Slain by a centaur warrior (3 damage)
             ... in the Dungeon (Sprint II: "The Violet Keep of Menkaure").
             The game lasted 00:02:12 (900 turns).

Zeld the Cleaver (Minotaur Berserker)                Turns: 900, Time: 00:02:13

Health: -2/88      AC:  2    Str: 24    XL:     8   Next: 70%
Magic:  7/7        EV: 14    Int:  4    God:    Trog [****..]
Gold:   35         SH:  0    Dex: 10    Spells: 7/7 levels left

rFire   . . .      SeeInvis .   a - +0 hand axe
rCold   . . .      Faith    .   (no shield)
rNeg    . . .      Spirit   .   b - +0 animal skin
rPois   .          Reflect  .   (helmet restricted)
rElec   .          Harm     .   (no cloak)
rCorr   .          Rampage  .   (no gloves)
Will    ++...      NoTele   +   (no boots)
Stlth   +.........              (no amulet)
HPRegen 1.24/turn               (no ring)
MPRegen 0.10/turn               (no ring)

@: strong-willed, regenerating, very slow
A: horns 2, retaliatory headbutt
a: Renounce Religion, Berserk, Trog's Hand, Brothers in Arms


You were in the Dungeon.
You worshipped Trog.
Trog was greatly pleased with you.
You visited 1 branch You collected 729 gold pieces.
You spent 694 gold pieces at shops.

Inventory:

Hand Weapons
 a - a +0 hand axe (weapon)
Armour
 b - a +0 animal skin (worn)
Jewellery
 i - a ring of poison resistance
 j - a ring of resist corrosion
Scrolls
 d - a scroll of magic mapping
 h - a scroll of blinking
 l - a scroll of immolation {unknown}
 m - 2 scrolls of identify {unknown}
 o - a scroll of enchant armour {unknown}
Potions
 c - a potion of curing
 e - a potion of haste
 f - 2 potions of magic
 g - a potion of berserk rage
 k - 3 potions of might
 n - a potion of mutation {unknown}


   Skills:
 * Level 13.9 Fighting
 * Level 13.9 Axes
 + Level 10.0 Armour
 + Level 9.0 Dodging


You had 7 spell levels left.
You didn't know any spells.
Your spell library was empty.

Dungeon Overview and Level Annotations

Branches:
Dungeon (1/1)

Altars:

Shops:
D :!:!(*!=:!=([[?

Annotations:
D exclusion: oklob plant, Kirke


Innate Abilities, Weirdness & Mutations

You have a pair of horns on your head.
You reflexively headbutt those who attack you in melee.


Message History

You start resting.
The great orb of eyes pulsates ominously.
There is an entrance to Akhops's Book Boutique here.
You start resting.
There is an entrance to Rokicosa's Antique Weapon Shop here.
There is an entrance to Liddikk's Antique Armour Boutique here.
There is an open door here.
You enter the shallow water.
Moving in this stuff is going to be slow.
A centaur warrior, Kirke and a yaktaur captain come into view.
Kirke shouts!
The yaktaur captain shouts!
The yaktaur captain wields a +0 arbalest.
The yaktaur captain shoots a bolt.
The bolt hits you!!!
Ouch! That really hurt!
* * * LOW HITPOINT WARNING * * *
The yaktaur captain shoots a bolt.
The bolt closely misses you.
Kirke moves out of view.
You hear a shout!
You hear a trumpeting!
A skeletal warrior comes into view. It is wielding a +0 battleaxe.
Unknown command.
The skeletal warrior moves out of view.
You fail to use your ability.
You fail to use your ability.
You fail to use your ability.
The centaur warrior hits you.
* * * LOW HITPOINT WARNING * * *
The centaur warrior kicks you.
* * * LOW HITPOINT WARNING * * *
Unknown command.
Your skin crawls.
You feel strong-willed. The centaur warrior closely misses you.
The centaur warrior kicks you.
* * * LOW HITPOINT WARNING * * *
Unknown command.
You fail to use your ability.
The centaur warrior barely misses you. The centaur warrior kicks you.
* * * LOW HITPOINT WARNING * * *
The centaur warrior hits you.
* * * LOW HITPOINT WARNING * * *
The centaur warrior kicks you.
You die...

## cz#### c.@## ≈
############c≈#+++#++
###########@≈≈.......
##........#≈≈≈≈.##+##
##...⌠....#≈≈≈≈##...##
##..∩.∩...#≈≈≈≈#..#..#
##...∩.∩..#≈≈####.#.####
##∩.∩.∩.∩.#≈##.###'###.##
##.∩...∩.∩#≈#.#.##.##...#
##∩.....∩.'≈'##.'.<.')#
##.......∩#≈##..##.##...#


You could see Kirke and a centaur warrior.

Vanquished Creatures
  A merfolk siren (D)
  A vampire mosquito (D)
  4 neqoxecs (D)
  2 water moccasins (D)
  4 necrophages (D)
  3 worms (D)
15 creatures vanquished.

Vanquished Creatures (collateral kills)
  Menkaure (D)
1 creature vanquished.

Grand Total: 16 creatures vanquished

Notes
Turn   | Place    | Note
-------+----------+-------------------------------------------
     0 | D        | Zeld the Minotaur Berserker began the quest for the Orb.
     0 | D        | Reached XP level 1. HP: 19/19 MP: 0/0
     1 | D        | Noticed a necrophage
     1 | D        | Noticed a necrophage
     1 | D        | Noticed a necrophage
     1 | D        | Noticed a necrophage
     9 | D        | Killed a necrophage
    10 | D        | Reached XP level 2. HP: 25/31 MP: 1/1
    10 | D        | Reached XP level 3. HP: 31/38 MP: 2/2
    10 | D        | Reached XP level 4. HP: 36/45 MP: 3/3
    12 | D        | Killed a necrophage
    13 | D        | Reached skill level 5 in Armour
    13 | D        | Reached skill level 5 in Dodging
    13 | D        | Reached XP level 5. HP: 45/55 MP: 4/4
    15 | D        | Killed a necrophage
    15 | D        | Reached ** piety under Trog
    17 | D        | Killed a necrophage
    18 | D        | Reached skill level 10 in Fighting
    18 | D        | Reached skill level 10 in Axes
    18 | D        | Reached XP level 6. HP: 49/66 MP: 5/5
   225 | D        | Noticed a neqoxec
   225 | D        | Noticed a neqoxec
   225 | D        | Noticed a neqoxec
   225 | D        | Noticed a neqoxec
   231 | D        | Killed a neqoxec
   239 | D        | Killed a neqoxec
   240 | D        | Reached XP level 7. HP: 7/74 MP: 6/6
   244 | D        | Killed a neqoxec
   244 | D        | Reached *** piety under Trog
   249 | D        | Killed a neqoxec
   324 | D        | Noticed Menkaure
   573 | D        | Reached **** piety under Trog
   585 | D        | Noticed a merfolk siren
   591 | D        | Killed a merfolk siren
   592 | D        | Reached XP level 8. HP: 86/86 MP: 7/7
   697 | D        | Found Wegamec's Magic Scroll Shop.
   699 | D        | Found Liddikk's Antique Armour Boutique.
   700 | D        | Found Pettoum's Antique Armour Boutique.
   700 | D        | Found Sepaeh Tiergh's Jewellery Shop.
   700 | D        | Found Rokicosa's Antique Weapon Shop.
   701 | D        | Found Akhops's Book Boutique.
   701 | D        | Found Olecem's Distillery.
   717 | D        | HP: 3/86 [Menkaure (23)]
   719 | D        | Killed Menkaure
   721 | D        | Found Cawnijie's Distillery.
   722 | D        | Found Isodwot's Jewellery Shop.
   732 | D        | Found Ticobb's Assorted Antiques.
   732 | D        | Found Difigiem's Weapon Boutique.
   782 | D        | Found Ykar's Distillery.
   782 | D        | Noticed a great orb of eyes
   782 | D        | Noticed an oklob plant
   783 | D        | Found Wodifoc's Distillery.
   783 | D        | Found Zurusm's Book Boutique.
   783 | D        | Found Guanabof's Book Shoppe.
   785 | D        | Bought a scroll of magic mapping for 49 gold pieces
   794 | D        | Reached skill level 10 in Armour
   797 | D        | Bought a ring of poison resistance for 220 gold pieces
   797 | D        | Bought a ring of resist corrosion for 220 gold pieces
   799 | D        | Bought a potion of might for 44 gold pieces
   799 | D        | Bought 2 potions of might for 88 gold pieces
   808 | D        | Noticed a death yak
   812 | D        | Bought a scroll labelled RIMUESUEHO for 15 gold pieces
   812 | D        | Bought a scroll labelled MUEGGI BIERACSEO for 15 gold
                  | pieces
   812 | D        | Bought an inky potion for 13 gold pieces
   812 | D        | Bought a scroll labelled MUEGGI BIERACSEO for 15 gold
                  | pieces
   812 | D        | Bought a scroll labelled HARHAT AM ETA for 15 gold pieces
   893 | D        | Noticed a centaur warrior
   893 | D        | Noticed Kirke
   893 | D        | Noticed a yaktaur captain
   894 | D        | Noticed a skeletal warrior
   900 | D        | HP: 4/88 [centaur warrior (3)]
   900 | D        | HP: 1/88 [centaur warrior (3)]
   900 | D        | Slain by a centaur warrior

Illustrated notes

Levels and vault maps discovered:
D:        the_violet_keep_of_menkaure [sprint2_stairs_cluster_1,
          sprint2_shoproom, sprint2_temple, sprint2_basic_supplies,
          sprint2_obstacle_7, sprint2_obstacle_4, sprint2_obstacle_3,
          sprint2_obstacle_2, sprint2_obstacle_1, sprint2_timed_cluster_1,
          sprint2_smallroom_cluster_1, sprint2_smallroom_final_cluster_1,
          sprint2_transparent_cluster_1, sprint2_second_timed_cluster_1,
          sprint2_sniper_area_1, sprint2_heavy_combat_area_1,
          sprint2_mutation_trap_area_1, sprint2_forest_area_1,
          sprint2_light_combat_area_1, sprint2_behind_water_1,
          sprint2_near_end_vault_1]

Skill      XL: |  1  2  3  4  5  6  7  8 |
---------------+-------------------------+-----
Fighting       | 6 8 10 11 13 | 13.9
Axes           | 6 8 10 11 13 | 13.9
Armour         | 4 5 7 8 9 10 | 10.0
Dodging        | 4 5 6 7 8 9 |  9.0

Action                   |  1- 3 |  4- 6 |  7- 9 || total
-------------------------+-------+-------+-------++-------
Melee: Hand axe          |     6 |    20 |    29 ||    55
       Headbutt          |       |     4 |     7 ||    11
       Punch             |       |       |     1 ||     1
Invok: Berserk           |     1 |     1 |     2 ||     4
       Trog's Hand       |       |       |     2 ||     2
       Brothers in Arms  |       |       |     1 ||     1
  Use: Potion            |       |       |     1 ||     1
Armor: Animal skin       |       |     2 |     2 ||     4
Dodge: Dodged            |     8 |     5 |    17 ||    30
